 Dungeon Crawl Stone Soup version 0.19-a0-1740-g0bcaf2e (webtiles) character file.

18 Amnesiac the Digger (level 2, 0/19 HPs)
             Began as a Mummy Earth Elementalist on Oct 2, 2016.
             Slain by Robin
             ... wielding a +1 dagger of venom
              (1 damage)
             ... on level 3 of the Dungeon.
             The game lasted 00:01:50 (451 turns).

Amnesiac the Digger (Mummy Earth Elementalist)       Turns: 451, Time: 00:01:51

Health: 0/19       AC:  4    Str: 11    XL:     2   Next: 51%
Magic:  0/5        EV: 12    Int: 14    God:
Gold:   26         SH:  0    Dex: 12    Spells: 2 memorised, 2 levels left

rFire  x . .     SeeInvis .     b - 54 stones
rCold  + . .     Gourm    .     c - +0 robe
rNeg   + + +     Faith    .     (no shield)
rPois  ∞         Spirit   .     (no helmet)
rElec  .         Dismiss  .     (no cloak)
rCorr  .         Reflect  .     g - +1 pair of gloves
MR     .....     Harm     .     (no boots)
Stlth  ++........               (no amulet)
                                (no ring)
                                (no ring)

@: very slightly contaminated
A: no food or potions, fire vulnerability, cold resistance 1, negative energy
resistance 3, torment resistance, unbreathing
a: no special abilities


You were on level 3 of the Dungeon.
You were not hungry.

You visited 1 branch of the dungeon, and saw 3 of its levels.

You collected 26 gold pieces.

Inventory:

Hand Weapons
 e - a +0 spear
 i - a +0 quarterstaff
Missiles
 b - 54 stones (in hand)
Armour
 c - a +0 robe (worn)
 g - a +1 pair of gloves (worn)
Jewellery
 h - an uncursed ring of protection from cold {unknown}
Books
 d - a book of Geomancy

   Spells                             Type                      Level
   a - Sandblast                      Earth                        1
   b - Passwall                       Transmutation/Earth          2
   c - Stone Arrow                    Conjuration/Earth            3
   d - Petrify                        Transmutation/Earth          4
   e - Lee's Rapid Deconstruction     Earth                        5


   Skills:
 - Level 1.5 Dodging
 - Level 1.5 Stealth
 - Level 2.0 Spellcasting
 - Level 0.7 Transmutations
 + Level 3.2 Earth Magic


You had 2 spell levels left.
You knew the following spells:

 Your Spells              Type           Power        Failure   Level  Hunger
f - Sandblast             Erth           ##....       10%         1    N/A
v - Passwall              Tmut/Erth      #.........   21%         2    N/A

Dungeon Overview and Level Annotations

Branches:
Dungeon (3/15)

Altars:

Annotations:
D:3 Robin


Innate Abilities, Weirdness & Mutations

You do not eat or drink.
Your flesh is vulnerable to fire.
You are immune to poison.
Your flesh is cold resistant. (rC+)
You are immune to negative energy. (rN+++)
You are immune to unholy pain and torment.
You can survive without breathing.


Message History

Aim: a goblin (unusually strong)
The rocky blast hits Robin.
Robin is lightly wounded.
Robin throws the goblin at you!
Unknown command.
The goblin hits you but does no damage.
Press: ? - help, v - describe, . - travel
Here: Robin, wielding a dagger of venom, wearing an animal skin and wearing a helmet (lightly wounded)
The floor.
Unknown command.
As you read the scroll labeled XUETZI SUHOES, it crumbles to dust.
It is a scroll of enchant armour.
Your +0 pair of gloves glows green for a moment.
The goblin hits you but does no damage. Robin hits you with a dagger of venom.
As you read the scroll labeled HUXZYE FOFFE, it crumbles to dust.
You feel blessed for a moment.
It was a scroll of remove curse.
The goblin hits you with a dagger!
* * * LOW HITPOINT WARNING * * *
Robin hits you with a dagger of venom.
You die...

#####.# #)# g.g.g.# #.#
####### #.# #.#
#######.##
.........########
########
######..g.....†.#
#....... #..<######.#
#.#####. #...ggg@##.#
#.# #.
#..####g##.######.## #.
#..................####%
#.#####.................
#. ####.######..####. #.
#.# ####..####. #. #.#
#.......... #. #.#
#.######### #. #.# #.#


You could see Robin and 3 goblins.

Vanquished Creatures
  A dart slug (D:2)
  A ball python (D:2)
  7 goblins (D:3)
  2 jackals
  A bat (D:3)
  2 rats (D:2)
14 creatures vanquished.

Notes
Turn   | Place    | Note
-------+----------+-------------------------------------------
     0 | D:1      | Amnesiac the Mummy Earth Elementalist began the quest for the Orb.
     0 | D:1      | Reached XP level 1. HP: 13/13 MP: 3/3
   229 | D:2      | Reached XP level 2. HP: 19/19 MP: 5/5
   237 | D:2      | Learned a level 2 spell: Passwall
   373 | D:3      | Noticed Robin
   378 | D:3      | Reached skill level 3 in Earth Magic
   451 | D:3      | Slain by Robin

Vault maps used:
D:1:      noname_arrival_rooms_in_the_neighbourhood
D:2:      first_bread, serial_park_tiny_pond, grunt_ministairs_6,
          minmay_tripent, uniq_crazy_yiuf_cottage, uniq_iyjb
D:3:      serial_park_tiny_1, small_statue_intersection, uniq_robin

Skill      XL: |  1  2 |
---------------+-------+-----
Earth Magic    | 3 |  3.2
Dodging        | |  1.5
Stealth        | |  1.5
Spellcasting   | |  2.0
Transmutations | |  0.7

Action                   || total
-------------------------++-------
Melee: Spear             ||    17
 Cast: Sandblast         ||     9
  Use: Scroll            ||     2
 Stab: Distracted        ||     1
Armor: Robe              ||    11
Dodge: Dodged            ||    13
